 Dungeon Crawl Stone Soup version 0.30.0-11-gf55b779eaf (webtiles) character file.

Game seed: 18214605336395350445

129783 greasedhog the Devastator (level 17, 22/103 HPs)
             Began as a Gargoyle Earth Elementalist on May 15, 2023.
             Was a High Priest of Vehumet.
             Quit the game on level 2 of the Spider Nest on May 16, 2023.
             The game lasted 01:11:24 (32867 turns).

greasedhog the Devastator (GrEE)                   Turns: 32867, Time: 01:11:24

Health: 22/103     AC: 18    Str:  9 (17) XL:     17   Next: 6%
Magic:  0/33       EV: 16    Int: 23 (29) God:    Vehumet [*****.]
Gold:   929        SH: 11    Dex:  3 (10) Spells: 18/41 levels left

rFire   + + +        t - staff of conjuration "Ashryd" {*Corrode Drain rF+++ Int+7}
rCold   + . .        f - +0 buckler
rNeg    + . .        U - +0 troll leather armour
rPois   ∞            (no helmet)
rElec   +            S - +0 cloak of Wouc {rElec rPois rF++ Stlth-}
rCorr   .            (no gloves)
SInv    .            O - +0 pair of boots
Will    +....        X - amulet "Quejan" {Reflect rPois Str+3 SH+5} Stlth
                     c - +5 ring of evasion
HPRegen 1.97/turn    I - ring of protection from cold
MPRegen 0.23/turn

%: corrode self (3%), reflection
@: corroded, on berserk cooldown, flying, slowed, very slow
A: sickness immunity, AC +12, big wings, negative energy resistance 1,
electricity resistance, torment resistance 1, petrification resistance,
iridescent scales 1, large bone plates 1, regeneration 1, wild magic 1
a: Renounce Religion


You were on level 2 of the Spider Nest.
You worshipped Vehumet.
Vehumet was extremely pleased with you.
You visited 5 branches of the dungeon, and saw 26 of its levels.

You collected 2332 gold pieces.
You spent 1403 gold pieces at shops.

Inventory:

Missiles
 r - 9 curare-tipped darts
 G - 2 throwing nets
Armour
 f - a +0 buckler (worn)
 O - a +0 pair of boots (worn)
 S - the +0 cloak of Wouc (worn) {rElec rPois rF++ Stlth-}
   (You bought it in a shop on level 2 of the Orcish Mines)

   rF:        It greatly protects you from fire.
   rElec:     It insulates you from electricity.
   rPois:     It protects you from poison.
   Stlth:     It makes you less stealthy.
 U - a +0 troll leather armour (worn)
Magical Staves
 t - the staff of conjuration "Ashryd" (weapon) {*Corrode Drain rF+++ Int+7}
   (You acquired it on level 15 of the Dungeon)

   [staff of conjuration]

   Base accuracy: +5 Base damage: 5 Base attack delay: 1.2 This weapon's minimum
   attack delay (0.6) is reached at skill level 12.
   Int:       It affects your intelligence (+7).
   rF:        It renders you almost immune to fire.
   *Corrode:  It may corrode you when you take damage.
   Drain:     It drains your maximum health when unequipped.
   It falls into the 'Staves' category.
   It is a one-handed weapon.
Jewellery
 c - a +5 ring of evasion (left hand)
 I - a ring of protection from cold (right hand)
 X - the amulet "Quejan" (around neck) {Reflect rPois Str+3 SH+5}
   (You bought it in a shop on level 2 of the Orcish Mines)

   [amulet of reflection]

   It reflects blocked missile attacks.
   Str:       It affects your strength (+3).
   rPois:     It protects you from poison.
   SH:        It affects your SH (+5).
Wands
 a - a wand of charming (2)
 x - a wand of flame (63)
 B - a wand of roots (18)
 F - a wand of polymorph (13)
 M - a wand of digging (1)
 P - a wand of mindburst (1)
Scrolls
 d - a scroll of enchant armour
 i - 2 scrolls of summoning
 k - 2 scrolls of magic mapping
 l - a scroll of immolation
 p - a scroll of torment
 v - 5 scrolls of amnesia
 y - 6 scrolls of fog
 z - 13 scrolls of teleportation
 D - 5 scrolls of enchant weapon
 H - 5 scrolls of poison
 J - 2 scrolls of noise {unknown}
 Q - 2 scrolls of blinking
Potions
 b - 2 potions of magic
 e - 6 potions of lignification
 g - a potion of cancellation {unknown}
 h - 7 potions of might
 j - 2 potions of mutation
 m - 9 potions of brilliance
 n - 6 potions of curing
 o - 3 potions of haste {unknown}
 q - 2 potions of berserk rage
 s - 3 potions of ambrosia {unknown}
 w - 4 potions of resistance
 A - 7 potions of heal wounds
 K - a potion of invisibility {unknown}
 L - 2 potions of attraction {unknown}


   Skills:
 - Level 10.4 Fighting
 + Level 0.9 Staves
 - Level 5.0 Armour
 - Level 10.0 Dodging
 - Level 2.1 Stealth
 * Level 12.9 Spellcasting
 - Level 17.2 Conjurations
 - Level 5.1 Hexes
 - Level 5.9 Translocations
 - Level 1.0 Transmutations
 - Level 16.3 Earth Magic


You had 18 spell levels left.
You knew the following spells:

 Your Spells              Type           Power      Damage    Failure   Level
a - Sandblast             Erth           100%       2d20      1%          1
b - Passwall              Tmut/Erth      52%        N/A       1%          2
c - Stone Arrow           Conj/Erth      100%       3d13      1%          3
d - Petrify               Tmut/Erth      63%        N/A       4%          4
e - Fulminant Prism       Conj/Hex       46%        3d21      1%          4
f - Iskenderun's Mystic   Conj/Tloc      93%        2d18      1%          4
g - Irradiate             Conj/Tmut      42%        3d25      2%          5

Your spell library contained the following spells:

 Spells                   Type           Power      Damage    Failure   Level
 Freezing Cloud           Conj/Ice/Air   34%        6-21      9%          5
 Magic Dart               Conj           100%       1d8       1%          1
 Shock                    Conj/Air       100%       1d9       1%          1
 Searing Ray              Conj           100%       2d8       1%          2
 Flame Wave               Conj/Fire      82%        2d18      1%          4
 Slow                     Hex            100%       N/A       2%          1
 Arcjolt                  Conj/Air       41%        1d51      3%          5
 Inner Flame              Hex/Fire       34%        N/A       4%          3
 Poisonous Vapours        Pois/Air       38%        N/A       5%          2
 Scorch                   Fire           38%        2d6       5%          2
 Confusing Touch          Hex            50%        N/A       5%          3
 Sting                    Tmut/Pois      88%        1d7       12%         1
 Vhi's Electric Charge    Tloc/Air       74%        N/A       12%         3
 Borgnjor's Vile Clutch   Necr/Erth      31%        N/A       13%         5
 Yara's Violent Unravell  Hex/Tmut       18%        3d9       22%         5
 Airstrike                Air            9%         2d(2-18)  28%         4
 Olgreb's Toxic Radiance  Pois           19%        N/A       28%         4
 Swiftness                Air            19%        N/A       34%         3
 Vampiric Draining        Necr           19%        2d7       34%         3
 Animate Dead             Necr           19%        N/A       73%         4
 Summon Lightning Spire   Summ/Air       19%        N/A       73%         4
 Death Channel            Necr           9%         N/A       100%        6
 Simulacrum               Ice/Necr       9%         N/A       100%        6
 Summon Cactus Giant      Summ           9%         N/A       100%        6
 Enfeeble                 Hex            25%        N/A       100%        7
 Ozocubu's Refrigeration  Ice            9%         4d9       100%        7
 Storm Form               Tmut/Air       11%        N/A       100%        7
 Maxwell's Capacitive Co  Air            9%         ∞         100%        8
 Polar Vortex             Ice            9%         N/A       100%        9


Dungeon Overview and Level Annotations

Branches:
Dungeon (15/15)            Temple (1/1) D:6            Lair (5/5) D:10
 Shoals (0/4) Lair:3       Spider (3/4) Lair:2        Slime (0/5) Lair:4
    Orc (2/2) D:9             Elf (0/3) Orc:2        Vaults (0/5) D:13
 Depths (0/4) D:15

Altars:
Ashenzari
Cheibriados
Dithmenos
Elyvilon
Fedhas
Gozag
Hepliaklqana
Kikubaaqudgha
Makhleb
Nemelex Xobeh
Okawaru
Qazlal
Ru
Sif Muna
Trog
Uskayaw
Vehumet
Wu Jian
Xom
Yredelemnul
Zin
The Shining One
Jiyva

Shops:
D:3 (   D:4 ?   D:6 *   D:8 ?   D:14 !   Orc:1 [   Orc:2 (=[*


Innate Abilities, Weirdness & Mutations

You are immune to sickness and miasma.
Your stone body is resilient. (AC +12)
You are immune to poison.
Your large and strong wings let you fly.
You resist negative energy. (rN+)
You are resistant to electric shocks. (rElec)
You are resistant to unholy torment.
You are immune to petrification.
You are partially covered in iridescent scales. (AC +2)
You are partially covered in large bone plates. (SH +4)
Your natural rate of healing is unusually fast.
Your spells are a little harder to cast, but a little more powerful.


Message History

You feel weakened.
You feel you are being watched by something.
You feel your power leaking away. Something hits you but does no damage.
Something hits you!
Your corrosive artefact corrodes you!
You feel clumsy.
Something stings you but does no damage.
You disentangle yourself.
You feel you are being watched by something.
You block something's attack. Something hits you.
You feel weakened.
Something stings you but does no damage.
Something hits you! Something hits you.
* * * LOW HITPOINT WARNING * * *
Something stings you but does no damage.
Your redback dissolves into shadows!
Something hits you!
* * * LOW HITPOINT WARNING * * *
You feel dopey. Something barely misses you.
Something stings you but does no damage.
You feel you are being watched by something.
Something hits you but does no damage. x2
Something stings you but does no damage.
Aiming: Charm
Press: ? - help, Shift-Dir - straight line Nothing appears to happen.
Something hits you but does no damage. x2
Something barely misses you.
Aiming: Charm
Press: ? - help, Shift-Dir - straight line Nothing appears to happen.
Your culicivora dissolves into shadows!
You feel you are being watched by something.
You feel your power leaking away. You block something's attack.
Something hits you but does no damage.
Something stings you but does no damage.
Something closely misses you. You block something's attack.
Something stings you.
* * * LOW HITPOINT WARNING * * *
Are you sure you want to abandon this character and quit the game? (Confirm with "yes".)

###..##
##....#....##.####..#..#
#...##
#..#.##...##...###....^.
#.###
#.##..#^..#.....####....
#...##
###(.####.#^.###.# ###.#
####.# ##....#.####^.##
#... #...#
###..##.##...# ##..
##.### ##.##^.###.####
##. #.#### #....###.#.#
## ##^..####
###..@^^..##
##...#^########{..##
##.#.#....#....#..# #
#####....#^.>.##.# ###
#...#####.#...## ##..
#.......#.....# #..#
##...##.#..#.## #...
##^.#^##..### ####
#.)###.#### #?


There were no monsters in sight!

Vanquished Creatures
  Rupert (D:13)
  Donald (Orc:1)
  2 orc warlords
  2 ghost moths
  3 broodmothers
  An ironbound preserver (D:13)
  Nessos (Orc:2)
  Azrael (Orc:1)
  A spark wasp (Spider:3)
  The ghost of Cooqonn the Thaumaturge, a journeyman DsVM of Kikubaaqudgha (D:11)
  Snorg (D:13)
  Josephine (Orc:1)
  4 entropy weavers
  A rakshasa (D:15)
  4 hydras
  A catoblepas (Lair:5)
  2 radroaches
  8 boulder beetles
  2 centaur warriors
  A dancing weapon (D:12)
  4 two-headed ogres
  A deep troll shaman (Lair:5)
  2 tengu warriors
  14 death yaks
  Urug (Lair:5)
  4 orc high priests
  Sonja (Lair:4)
  Amaemon (D:8)
  3 pharaoh ants
  A glowing orange brain (D:15)
  A wizard (D:14)
  2 lindwurms
  2 steelbarb worms
  Pikel (D:6)
  3 deep elf pyromancers
  4 orc knights
  28 ugly things
  5 orc sorcerers (Orc:2)
  8 wolf spiders
  4 manticores
  3 moths of wrath
  3 cyclopes
  16 elephants
  A guardian serpent (Lair:3)
  3 black mambas
  2 gargoyles
  9 cane toads
  An orange demon (D:8)
  4 torpor snails
  3 unseen horrors
  4 demonic crawlers
  A kobold demonologist (D:11)
  7 rime drakes
  An efreet (D:15)
  7 komodo dragons
  A tengu conjurer (D:13)
  A meliai (shapeshifter) (D:14)
  3 trolls
  A wind drake (Lair:3)
  8 polar bears
  3 meliai (Spider:1)
  A hornet (shapeshifter) (D:15)
  12 tarantellas
  13 blink frogs
  7 dream sheep
  8 slime creatures
  16 jumping spiders
  2 shadows
  2 culicivoras (shapeshifter)
  10 culicivoras
  38 yaks
  5 vampires
  4 wraiths (D:9)
  6 wyverns
  A fire elemental (Orc:2)
  Eustachio (D:5)
  5 basilisks
  31 redbacks
  3 steam dragons
  A redback (shapeshifter) (D:15)
  Menkaure (D:5)
  5 vampire mosquitoes
  3 wargs (Orc:1)
  16 water moccasins
  4 acid dragons
  4 hell hounds
  3 ice beasts
  31 orc warriors
  A sky beast (D:7)
  8 boggarts
  8 wolves
  8 ogres
  6 centaurs
  2 lemures (D:5)
  5 phantoms
  4 kobold brigands
  8 bullfrogs
  3 scorpions
  9 wights
  4 killer bees
  3 howler monkeys (D:9)
  5 electric eels
  2 hounds
  2 jellies
  5 sleepcaps
  26 orc priests
  36 orc wizards
  6 iguanas
  8 adders
  2 white imps
  6 dart slugs
  82 orcs
  2 ball pythons
  4 bats
  6 endoplasms
  6 giant cockroaches
  15 hobgoblins
  2 jackals (D:3)
  21 kobolds
  8 quokkas
  6 frilled lizards
  5 goblins
  2 rats
770 creatures vanquished.

Vanquished Creatures (others)
  An unseen horror (D:13)
  A kobold brigand (D:11)
  2 orc wizards
  23 fulminant prisms
27 creatures vanquished.

Grand Total: 797 creatures vanquished

Notes
Turn   | Place    | Note
-------+----------+-------------------------------------------
     0 | D:1      | greasedhog the Gargoyle Earth Elementalist began the quest
                  | for the Orb.
     0 | D:1      | Reached XP level 1. HP: 10/10 MP: 3/3
   178 | D:1      | Reached skill level 1 in Transmutations
   197 | D:1      | Reached XP level 2. HP: 15/15 MP: 3/5
   399 | D:1      | Found a faded altar of an unknown god.
   651 | D:1      | Reached skill level 1 in Fighting
   651 | D:1      | Reached XP level 3. HP: 20/20 MP: 4/6
   654 | D:1      | Learned a level 2 spell: Passwall
   658 | D:1      | Learned a level 3 spell: Stone Arrow
  1429 | D:2      | Reached skill level 5 in Earth Magic
  1442 | D:2      | Reached XP level 4. HP: 25/25 MP: 7/7
  1809 | D:3      | Found Turongy's Antique Weapon Boutique.
  2176 | D:3      | Reached XP level 5. HP: 30/30 MP: 6/8
  2708 | D:4      | Found Keas's Magic Scroll Shoppe.
  2711 | D:4      | Bought 2 scrolls of identify for 40 gold pieces
  2711 | D:4      | Bought a scroll of teleportation for 30 gold pieces
  2826 | D:4      | Found an ornate altar of the Wu Jian Council.
  3059 | D:4      | Found an opulent altar of Gozag.
  3059 | D:4      | Found a shadowy altar of Dithmenos.
  3059 | D:4      | Found a snail-covered altar of Cheibriados.
  3059 | D:4      | Found a burning altar of Makhleb.
  3059 | D:4      | Found a bloodstained altar of Trog.
  3065 | D:4      | Found a white marble altar of Elyvilon.
  3102 | D:4      | Noticed a phantom
  3105 | D:4      | Reached skill level 1 in Conjurations
  3108 | D:4      | Killed a phantom
  3109 | D:4      | Reached XP level 6. HP: 37/37 MP: 7/9
  3142 | D:4      | Reached skill level 2 in Conjurations
  3429 | D:4      | Reached XP level 7. HP: 42/42 MP: 4/10
  3813 | D:5      | Entered Level 5 of the Dungeon
  3842 | D:5      | Reached skill level 3 in Conjurations
  3991 | D:5      | Noticed Eustachio
  3996 | D:5      | Killed Eustachio
  3997 | D:5      | Reached XP level 8. HP: 48/48 MP: 5/11
  4136 | D:5      | Noticed Menkaure
  4141 | D:5      | Killed Menkaure
  4142 | D:5      | Reached skill level 4 in Conjurations
  4203 | D:5      | Reached skill level 5 in Fighting
  4339 | D:5      | Reached skill level 1 in Armour
  4437 | D:5      | Reached skill level 5 in Conjurations
  4437 | D:5      | Reached skill level 10 in Earth Magic
  4625 | D:5      | Learned a level 4 spell: Petrify
  4629 | D:5      | Reached XP level 9. HP: 54/54 MP: 10/12
  5148 | D:6      | Reached skill level 6 in Conjurations
  5224 | D:6      | Found Xus Noy's Overcharged Wands.
  5374 | D:6      | Noticed Pikel
  5488 | D:6      | Killed Pikel
  5636 | D:6      | Found a staircase to the Ecumenical Temple.
  5669 | Temple   | Entered the Ecumenical Temple
  5894 | Temple   | Became a worshipper of Vehumet
  6102 | D:6      | Reached skill level 5 in Spellcasting
  6415 | D:6      | Learned a level 4 spell: Fulminant Prism
  6514 | D:7      | Reached skill level 5 in Armour
  6566 | D:7      | Reached skill level 7 in Conjurations
  6566 | D:7      | Reached XP level 10. HP: 59/59 MP: 16/18
  6739 | D:7      | Found an iron altar of Okawaru.
  7292 | D:8      | Noticed a two-headed ogre
  7292 | D:8      | Noticed a two-headed ogre
  7340 | D:7      | Reached * piety under Vehumet
  7340 | D:7      | Offered knowledge of Foxfire by Vehumet.
  7588 | D:8      | Killed a two-headed ogre
  7589 | D:8      | Reached skill level 8 in Conjurations
  7655 | D:8      | Killed a two-headed ogre
  7800 | D:8      | Found Kuij's Magic Scroll Boutique.
  7802 | D:8      | Noticed an orange demon
  7803 | D:8      | Noticed Amaemon
  7808 | D:8      | Killed an orange demon
  7815 | D:8      | Killed Amaemon
  7816 | D:8      | Reached XP level 11. HP: 52/63 MP: 4/23
  7972 | D:9      | Identified the +11 rapier of Amuhisch {venom, Will+ Int+5}
  8184 | D:8      | Reached skill level 9 in Conjurations
  8382 | D:9      | Found a staircase to the Orcish Mines.
  8403 | D:9      | Reached ** piety under Vehumet
  8403 | D:9      | Offered knowledge of Static Discharge by Vehumet.
  8698 | D:10     | Entered Level 10 of the Dungeon
  8913 | D:10     | Found a stormy altar of Qazlal.
  8955 | D:10     | Reached skill level 5 in Dodging
  9214 | D:10     | Noticed a tengu warrior
  9526 | D:10     | Killed a tengu warrior
 10090 | D:10     | Found a staircase to the Lair.
 10272 | Lair:1   | Entered Level 1 of the Lair of Beasts
 10343 | Lair:1   | Offered knowledge of Inner Flame by Vehumet.
 10344 | Lair:1   | Reached skill level 10 in Spellcasting
 10626 | Lair:1   | Reached skill level 10 in Conjurations
 10637 | Lair:1   | Reached XP level 12. HP: 32/71 MP: 21/26
 11647 | Lair:2   | Found a hole to the Spider Nest.
 11799 | Lair:2   | Reached *** piety under Vehumet
 12656 | Lair:3   | Offered knowledge of Iskenderun's Mystic Blast by Vehumet.
 12672 | Lair:2   | Learned a level 4 spell: Iskenderun's Mystic Blast
 12753 | Lair:3   | Found a staircase to the Shoals.
 12760 | Lair:3   | Reached skill level 11 in Conjurations
 12953 | Lair:3   | Noticed a boulder beetle
 12999 | Lair:3   | Killed a boulder beetle
 13477 | Lair:3   | Noticed a boulder beetle
 13716 | Lair:3   | Noticed a six-headed hydra
 13723 | Lair:3   | Killed a six-headed hydra
 13782 | Lair:3   | Found the +3 pair of seven-league boots {Rampage+∞}
 13893 | Lair:4   | Reached XP level 13. HP: 79/79 MP: 27/27
 14288 | Lair:4   | Noticed Sonja
 14293 | Lair:4   | Killed Sonja
 14739 | Lair:4   | Found a viscous altar of Jiyva.
 14739 | Lair:4   | Found a staircase to the Slime Pits.
 15046 | Lair:5   | Entered Level 5 of the Lair of Beasts
 15066 | Lair:4   | Reached **** piety under Vehumet
 15070 | Lair:5   | Noticed Urug
 15648 | Lair:4   | Reached skill level 12 in Conjurations
 16226 | Lair:5   | Killed Urug
 16230 | Lair:5   | Reached skill level 15 in Earth Magic
 16715 | Lair:4   | Offered knowledge of Fireball by Vehumet.
 16720 | Lair:4   | Reached skill level 10 in Fighting
 17214 | Lair:5   | Found a stormy altar of Qazlal.
 17701 | Lair:5   | Gained mutation: Your large and strong wings let you fly.
                  | [Gargoyle growth]
 17701 | Lair:5   | Reached XP level 14. HP: 71/88 MP: 23/28
 17973 | Lair:4   | Reached skill level 13 in Conjurations
 18380 | Lair:5   | Reached skill level 1 in Hexes
 18771 | Lair:5   | Identified the +6 war axe of Cocytus {heavy, rPois Will+}
 19106 | Lair:5   | Reached skill level 14 in Conjurations
 19169 | Lair:5   | Identified the +1 chain mail "Ewilic" {Harm Str+4 Int+3
                  | Slay+2}
 19170 | Lair:5   | Identified the staff of fire "Comihy" {rElec rF+}
 19668 | Orc:1    | Entered Level 1 of the Orcish Mines
 19668 | Orc:1    | Noticed Josephine
 19668 | Orc:1    | Found Kaogeuga's Antique Armour Shoppe.
 19689 | Orc:1    | Killed Josephine
 19735 | Orc:1    | Bought a smelly leather armour for 189 gold pieces
 19735 | Orc:1    | Identified the +1 leather armour "Ryrecrok" {Dex+2 Stlth+}
                  | (You bought it in a shop on level 1 of the Orcish Mines)
 19814 | Orc:2    | Entered Level 2 of the Orcish Mines
 19818 | Orc:2    | Paralysed by an orc sorcerer for 3 turns
 19821 | Orc:2    | Noticed an orc warlord
 19867 | Orc:1    | Killed an orc warlord
 19867 | Orc:1    | Reached ***** piety under Vehumet
 19956 | Orc:2    | Offered knowledge of Yara's Violent Unravelling by Vehumet.
 20082 | Orc:2    | Noticed Nessos
 20411 | Orc:2    | Killed Nessos
 20539 | Orc:2    | Noticed Azrael
 20754 | Orc:1    | Killed Azrael
 20993 | Orc:2    | Found a staircase to the Elven Halls.
 21302 | Orc:2    | Reached skill level 15 in Conjurations
 21307 | Orc:2    | Noticed an orc warlord
 21325 | Orc:2    | Killed an orc warlord
 21326 | Orc:2    | Reached XP level 15. HP: 93/93 MP: 9/29
 21407 | Orc:2    | Noticed Donald
 21629 | Orc:1    | Killed Donald
 21695 | Orc:2    | Reached skill level 5 in Hexes
 21788 | Orc:2    | Found Cesom's Antique Armour Shop.
 21789 | Orc:2    | Found Kekuj's Antique Weapon Boutique.
 21791 | Orc:2    | Found Ytukuneyruf's General Store.
 21791 | Orc:2    | Found Gotzu's Jewellery Shop.
 21796 | Orc:2    | Bought an encrusted cloak for 237 gold pieces
 21796 | Orc:2    | Identified the +0 cloak of Wouc {rElec rPois rF++ Stlth-}
                  | (You bought it in a shop on level 2 of the Orcish Mines)
 21812 | Orc:2    | Bought a scroll of immolation for 60 gold pieces
 21813 | Orc:2    | Bought the amulet "Quejan" {Reflect rPois Str+3 SH+5} for
                  | 665 gold pieces
 23132 | D:11     | Reached skill level 1 in Translocations
 23787 | D:12     | Found a runed translucent door.
 23788 | D:12     | Found a shimmering altar of Xom.
 23788 | D:12     | Noticed Cooqonn's ghost (journeyman DsVM)
 24041 | D:12     | Identified the +7 plate armour "Guevam" {+Inv rPois Int+4
                  | Dex-3}
 24097 | D:12     | Reached skill level 16 in Conjurations
 24848 | D:11     | Killed Cooqonn's ghost
 25471 | D:13     | Noticed Snorg
 25479 | D:13     | Killed Snorg
 25605 | D:13     | HP: 1/93 [centaur warrior/arrow (17)]
 25606 | D:13     | Gained mutation: You have hidden genetic defects. [potion
                  | of mutation]
 25625 | D:13     | Offered knowledge of Irradiate by Vehumet.
 25643 | D:12     | Learned a level 5 spell: Irradiate
 25951 | D:13     | Found a gate to the Vaults.
 25952 | D:13     | Noticed Rupert
 25961 | D:13     | Killed Rupert
 26334 | D:14     | Identified the +1 pair of boots "Rash" {Int+2}
 26489 | D:14     | Gained mutation: Your magical capacity is low. (-10% MP)
                  | [hidden defects]
 26723 | D:13     | Lost mutation: You have hidden genetic defects. [potion of
                  | mutation]
 26723 | D:13     | Lost mutation: Your magical capacity is low. (-10% MP)
                  | [potion of mutation]
 26723 | D:13     | Gained mutation: Your body sometimes deteriorates upon
                  | taking damage. [potion of mutation]
 26723 | D:13     | Gained mutation: You are dopey. (Int -2) [potion of
                  | mutation]
 26724 | D:13     | Lost mutation: You are dopey. (Int -2) [potion of mutation]
 26724 | D:13     | Lost mutation: Your body sometimes deteriorates upon taking
                  | damage. [potion of mutation]
 26724 | D:13     | Gained mutation: You are partially covered in iridescent
                  | scales. (AC +2) [potion of mutation]
 26724 | D:13     | Gained mutation: Your natural rate of healing is unusually
                  | fast. [potion of mutation]
 26724 | D:13     | Gained mutation: You are partially covered in large bone
                  | plates. (SH +4) [potion of mutation]
 26724 | D:13     | Gained mutation: Your spells are a little harder to cast,
                  | but a little more powerful. [potion of mutation]
 26835 | D:14     | Found Vazel's Distillery.
 26849 | D:14     | Bought a potion of heal wounds for 65 gold pieces
 26849 | D:14     | Bought a potion of degeneration for 13 gold pieces
 26849 | D:14     | Bought a potion of heal wounds for 65 gold pieces
 26849 | D:14     | Bought a potion of flight for 39 gold pieces
 26929 | D:14     | Reached skill level 17 in Conjurations
 27049 | D:14     | Found a sparkling altar of Nemelex Xobeh.
 27256 | D:15     | Entered Level 15 of the Dungeon
 27401 | D:15     | Reached XP level 16. HP: 76/98 MP: 14/30
 27554 | D:15     | Identified a scroll of acquirement
 27555 | D:15     | Acquired the staff of conjuration "Ashryd" {*Corrode Drain
                  | rF+++ Int+7}
 28176 | D:15     | Found a staircase to the Depths.
 28369 | D:15     | Reached skill level 5 in Translocations
 28648 | Spider:1 | Entered Level 1 of the Spider Nest
 28916 | Spider:1 | Offered knowledge of Freezing Cloud by Vehumet.
 31965 | Spider:2 | Reached XP level 17. HP: 96/103 MP: 9/33
 32089 | Spider:3 | Reached skill level 10 in Dodging
 32588 | Spider:2 | Upgraded the game from 0.30.0-10-gfe55d96785 to
                  | 0.30.0-11-gf55b779eaf
 32867 | Spider:2 | Quit the game

Illustrated notes

Levels and vault maps discovered:
D:1:      minmay_arrival_nine_rooms, layout_basic,
          hellmonk_ecumenical_altar_defaced_shrine
D:2:      layout_basic, corner_web_ring, minmay_tall_x
D:3:      layout_basic, serial_shops, shop, nicolae_elevator_lobby_plus
D:4:      layout_basic, minitemple, serial_shops, nicolae_shop_rolled_up
D:5:      layout_loops_ring, grunt_ministairs_4, hangedman_decor_points,
          minmay_misc_feat_tower, minmay_between, uniq_eustachio, uniq_menkaure
D:6:      layout_layer_cave, minmay_temple_entry_butterflies,
          nicolae_shop_overcharged_wands, uniq_pikel
D:7:      layout_rooms, okawaru_altar_gauntlet_db, dk_vineyard_2,
          dk_noncrumbling_2
D:8:      layout_loops_cross, serial_shops, shop, dk_noncrumbling_3,
          minmay_unpleasant_kobolds, uniq_amaemon
D:9:      layout_cave_pools, minmay_orc_entry_temple_small
D:10:     layout_loops_ring, mainiacjoe_overflow_chevrons, erik_lair_dragon,
          minmay_bent
D:11:     layout_basic, minmay_increasing_density
D:12:     layout_cave_pods, ebering_ghost_xom
D:13:     layout_roguey, skrybe_vaults_entry_preservation, drop_trap,
          due_unseen_surprise, uniq_rupert, uniq_snorg
D:14:     layout_gridville, serial_shops, shop,
          nemelex_xobeh_ov_fountains_minmay, small_statue_alley_a
D:15:     gammafunk_enter_depths_forms, layout_basic,
          nicolae_concentric_dashed_squares_wild
Temple:   nicolae_temple_figure_eight
Lair:1:   layout_cave_pods
Lair:2:   layout_loops_ring, spider_nest_entry_a, serial_bayou_pond_e,
          nicolae_quartered_pool_super, lemuel_fruit_fields
Lair:3:   layout_chaotic_city, minmay_shoals_entry_beasts,
          hellmonk_guarded_unrand_seven_league_boots, lemuel_fruit_tree,
          serial_bayou_shore_b
Lair:4:   layout_regular_city, dpeg_slime_entry_enclosed, uniq_sonja
Lair:5:   grunt_lair_end_beastmaster, layout_hall_layers, basic_altar,
          enter_volcano_1, nicolae_lair_grazing_beasts
          [nicolae_sub_lair_graze_edge, nicolae_sub_lair_graze_edge,
          nicolae_sub_lair_graze_edge, nicolae_sub_lair_graze_edge],
          grunt_megastairs_2, uniq_urug
Spider:1: layout_spider_delve
Spider:2: layout_spider_delve
Spider:3: layout_spider_delve, hangedman_spider_mandibles
Orc:1:    layout_caves, serial_shops, shop, uniq_josephine
Orc:2:    st_orc_congregation, layout_diamond_mine, lightli_orcish_oven,
          uniq_azrael, uniq_nessos, uniq_donald

Skill      XL: |  1  2  3  4  5  6  7  8  9 10 11 12 13 14 15 16 17 |
---------------+----------------------------------------------------+-----
Transmutations | 1 |  1.0
Earth Magic    | 4 5 6 7 8 10 13 16 | 16.3
Fighting       | 1 2 3 4 5 6 8 10 | 10.4
Conjurations   | 1 2 3 5 7 8 10 11 12 15 17 | 17.2
Armour         | 3 5 |  5.0
Spellcasting   | 5 8 10 12 | 12.9
Dodging        | 2 4 5 6 8 9 10 | 10.0
Hexes          | 4 5 |  5.1
Translocations | 4 5 |  5.9
Staves         | |  0.9
Stealth        | |  2.1

Action                     |  1- 3 |  4- 6 |  7- 9 | 10-12 | 13-15 | 16-18 || total
---------------------------+-------+-------+-------+-------+-------+-------++-------
  Melee: Unarmed           |     1 |       |       |       |       |       ||     1
         Quarterstaff      |       |       |     7 |       |       |       ||     7
         Staff             |       |       |     1 |     5 |   151 |    52 ||   209
   Cast: Sandblast         |    49 |    97 |   141 |   309 |   572 |   325 ||  1493
         Stone Arrow       |       |     2 |    13 |   126 |   320 |    63 ||   524
         Petrify           |       |       |       |     8 |     9 |       ||    17
         Fulminant Prism   |       |       |       |     4 |    18 |     1 ||    23
         Iskenderun's Myst |       |       |       |     2 |   105 |    41 ||   148
         Irradiate         |       |       |       |       |     2 |    29 ||    31
  Evoke: Wand              |       |     1 |     1 |     4 |    14 |     7 ||    27
    Use: Scroll            |       |     5 |     2 |     2 |     8 |     7 ||    24
         Potion            |       |       |       |     2 |     7 |     7 ||    16
   Stab: Petrifying        |       |       |       |       |     1 |       ||     1
         Distracted        |       |       |       |       |     1 |       ||     1
 Armour: Robe              |     1 |    14 |    40 |    95 |       |       ||   150
         Leather armour    |       |       |       |     3 |   102 |       ||   105
         Skin              |       |       |       |     2 |       |    36 ||    38
         Troll leather arm |       |       |       |       |   253 |   228 ||   481
  Dodge: Dodged            |    11 |    53 |    90 |   254 |   636 |   379 ||  1423
  Block: Buckler           |       |       |       |       |   171 |   267 ||   438
         Reflection        |       |       |       |       |    19 |       ||    19
